 Dungeon Crawl Stone Soup version 0.29.0-11-gd7f09526c8 (webtiles) character file.

Game seed: 4081184303468089733

904 xian the Chopper (level 8, -3/67 HPs)
             Began as a Hill Orc Wanderer on Sept 3, 2022.
             Slain by a gnoll
             ... wielding a +0 spear
              (7 damage)
             ... on level 5 of the Dungeon.
             The game lasted 00:15:48 (5618 turns).

xian the Chopper (Hill Orc Wanderer)                Turns: 5618, Time: 00:15:49

Health: -3/67      AC:  4    Str: 15    XL:     8   Next: 8%
Magic:  2/14       EV: 11    Int: 13    God:
Gold:   262        SH:  0    Dex: 11    Spells: 10/16 levels left

rFire   . . .      SeeInvis .   a - +1 hand axe
rCold   . . .      Faith    .   (no shield)
rNeg    . . .      Spirit   .   c - +0 leather armour
rPois   +          Reflect  .   (no helmet)
rElec   .          Harm     .   (no cloak)
rCorr   .          Rampage  .   (no gloves)
Will    .....                   m - +0 pair of boots
Stlth   +.........              (no amulet)
HPRegen 0.21/turn               l - ring of poison resistance
MPRegen 0.14/turn               p - ring of wizardry

@: no status effects
A: no striking features
a: no special abilities


You were on level 5 of the Dungeon.
You visited 1 branch of the dungeon, and saw 5 of its levels.

You collected 262 gold pieces.

Inventory:

Hand Weapons
 a - a +1 hand axe (weapon)
Missiles
 r - 5 curare-tipped darts
Armour
 c - a +0 leather armour (worn)
 h - a +0 chain mail
 m - a +0 pair of boots (worn)
Jewellery
 l - a ring of poison resistance (left hand)
 p - a ring of wizardry (right hand)
Scrolls
 b - 2 scrolls of fear
 d - 2 scrolls of summoning
 e - a scroll of amnesia
 f - 4 scrolls of immolation
 g - a scroll of poison
 t - a scroll of vulnerability {unknown}
 w - a scroll of identify
Potions
 i - a potion of haste {unknown}
 j - a potion of resistance
 k - a potion of brilliance {unknown}
 n - a potion of curing {unknown}
 o - a potion of lignification {unknown}
 q - 2 potions of heal wounds
 s - 2 potions of flight {unknown}
 u - a potion of might {unknown}


   Skills:
 + Level 4.8 Fighting
 + Level 5.0 Axes
 - Level 0.3 Armour
 + Level 1.6 Dodging
 + Level 0.6 Stealth
 * Level 4.5 Spellcasting
 + Level 4.8 Earth Magic
 + Level 1.2 Invocations
 + Level 1.0 Evocations


You had 10 spell levels left.
You knew the following spells:

 Your Spells              Type           Power      Damage    Failure   Level
a - Sandblast             Erth           30%        2d9       1%          1
b - Passwall              Tmut/Erth      7%         N/A       6%          2
c - Stone Arrow           Conj/Erth      18%        3d8       11%         3

Your spell library contained the following spells:

 Spells                   Type           Power      Damage    Failure   Level
 Ensorcelled Hibernation  Hex/Ice        4%         N/A       16%         2
 Swiftness                Air            2%         N/A       28%         3
 Petrify                  Tmut/Erth      9%         N/A       32%         4


Dungeon Overview and Level Annotations

Branches:
Dungeon (5/15)
 Temple: D:4-7

Altars:
Dithmenos
Elyvilon
Hepliaklqana


Message History

The gnoll hits you with a +0 whip.
You barely miss the gnoll.
The gnoll is severely wounded.
The gnoll hits you with a +0 whip.
The gnoll hits you from afar with a +0 spear.
* * * LOW HITPOINT WARNING * * *
You hit the gnoll.
The gnoll is almost dead.
The gnoll hits you from afar with a +0 spear.
* * * LOW HITPOINT WARNING * * *
The gnoll hits you but does no damage.
You hit the gnoll.
You kill the gnoll!
The gnoll hits you but does no damage.
Your magical contamination has completely faded away.
The gnoll hits you but does no damage.
You see here a +0 whip.
The gnoll hits you with a +0 spear.
* * * LOW HITPOINT WARNING * * *
You slash the gnoll!
The gnoll is heavily wounded.
The gnoll completely misses you.
You hit the gnoll but do no damage.
The gnoll is heavily wounded.
The gnoll barely misses you.
You hit the gnoll.
The gnoll is severely wounded.
The gnoll hits you with a +0 spear!
* * * LOW HITPOINT WARNING * * *
You hit the gnoll.
The gnoll is severely wounded.
The gnoll closely misses you.
You hit the gnoll but do no damage.
The gnoll is severely wounded.
The gnoll hits you with a +0 spear.
* * * LOW HITPOINT WARNING * * *
You hit the gnoll but do no damage.
The gnoll is severely wounded.
The gnoll hits you with a +0 spear!
You die...

..............##.
..#...........#..
#.#.............. ##.
..#...........
#..##.####.##..... #
##.#...####..#..#..
#..###..#.....##..#..#.#
#......).#....#.....###
###...@.#####..##....#
#....g.# #........#
.........# ##.........
####.....# ##...#....
......## ##.###...
......## ### ##. .......
. .......


You could see a gnoll.

Vanquished Creatures
  Grinder (D:3)
  Menkaure (D:5)
  A black bear (D:5)
  2 necrophages
  An orc priest (D:5)
  A hound (D:5)
  An iguana (D:4)
  4 orc wizards
  4 gnolls
  2 adders
  An ufetubus (D:5)
  5 worms
  5 dart slugs
  11 orcs
  11 bats
  3 endoplasms
  7 giant cockroaches
  11 goblins
  5 hobgoblins
  2 jackals (D:4)
  4 quokkas
  5 ball pythons
  2 frilled lizards
  6 kobolds
  26 rats
122 creatures vanquished.

Vanquished Creatures (others)
  5 plants (D:3)
  A withered plant (D:2)
6 creatures vanquished.

Grand Total: 128 creatures vanquished

Notes
Turn   | Place    | Note
-------+----------+-------------------------------------------
     0 | D:1      | xian the Hill Orc Wanderer began the quest for the Orb.
     0 | D:1      | xian set off with the following items: a +1 hand axe, a
                  | scroll of fear, a +0 leather armour; and the following
                  | spell memorised: Sandblast; and the following spells
                  | available to memorise: Stone Arrow, Petrify.
     0 | D:1      | Reached XP level 1. HP: 19/19 MP: 2/2
   348 | D:1      | Reached XP level 2. HP: 21/27 MP: 3/3
  1358 | D:2      | Reached XP level 3. HP: 33/33 MP: 0/4
  1704 | D:2      | Found a faded altar of an unknown god.
  2585 | D:3      | Found a hazy altar of Hepliaklqana.
  2649 | D:3      | Noticed Grinder
  2650 | D:3      | Paralysed by Grinder for 3 turns
  2656 | D:3      | Reached XP level 4. HP: 40/40 MP: 2/6
  2668 | D:3      | Killed Grinder
  2669 | D:3      | Reached skill level 2 in Axes
  2669 | D:3      | Reached skill level 1 in Dodging
  2669 | D:3      | Reached XP level 5. HP: 22/47 MP: 4/9
  2669 | D:3      | Reached XP level 6. HP: 25/53 MP: 4/10
  2680 | D:3      | Learned a level 2 spell: Passwall
  2738 | D:3      | Learned a level 3 spell: Stone Arrow
  3509 | D:3      | Reached skill level 3 in Axes
  4365 | D:4      | Reached XP level 7. HP: 34/60 MP: 5/12
  4588 | D:4      | Found a shadowy altar of Dithmenos.
  4871 | D:5      | Entered Level 5 of the Dungeon
  4871 | D:5      | Found a white marble altar of Elyvilon.
  4894 | D:5      | Reached skill level 4 in Axes
  5071 | D:5      | Noticed Menkaure
  5082 | D:5      | Killed Menkaure
  5117 | D:4      | HP: 2/60 [orc/+1 dagger of speed (4)]
  5606 | D:5      | Reached skill level 5 in Axes
  5606 | D:5      | Reached XP level 8. HP: 47/67 MP: 1/14
  5618 | D:5      | Slain by a gnoll

Illustrated notes

Levels and vault maps discovered:
D:1:      tarquinn_simple_flora_water_a, layout_basic
D:2:      layout_loops_corners, shapermc_ecumenical_altar_gd,
          kennysheep_generic_room_2
D:3:      layout_basic, nicolae_hepliaklqana_hazy_memory, minmay_rat_hole,
          uniq_grinder
D:4:      layout_cave_pools, kennysheep_mini
D:5:      layout_cave_pools, lemuel_crystal_altar, minmay_temple_entry_hall,
          serial_gnoll_camp, gnoll_camp_mini_doghouse, gnoll_camp_medium_02,
          gnoll_camp_mini_shop, gnoll_camp_huts_basic, gnoll_camp_mini_house,
          uniq_menkaure, uniq_ijyb

Skill      XL: |  1  2  3  4  5  6  7 |
---------------+----------------------+-----
Fighting       | 4 |  4.8
Axes           | 2 3 5 |  5.0
Dodging        | 1 |  1.6
Spellcasting   | 3 4 |  4.5
Earth Magic    | 4 |  4.8
Armour         | |  0.3
Stealth        | |  0.6
Invocations    | |  1.2
Evocations     | |  1.0

Action                   |  1- 3 |  4- 6 |  7- 9 || total
-------------------------+-------+-------+-------++-------
Melee: Hand axe          |    57 |   120 |    45 ||   222
       Punch             |       |     1 |       ||     1
Throw: Dart              |       |     1 |       ||     1
 Cast: Sandblast         |    37 |    29 |    11 ||    77
       Stone Arrow       |       |     6 |    16 ||    22
  Use: Scroll            |     7 |     2 |       ||     9
       Potion            |       |     1 |     3 ||     4
Armor: Leather armour    |    29 |    42 |    27 ||    98
Dodge: Dodged            |    55 |    86 |    48 ||   189
